 Dungeon Crawl Stone Soup version 0.31-a0-188-g5e087ee2ca (webtiles) character file.

Game seed: 15434901224298544729

512 qw the Skirmisher (level 6, -6/36 HPs)
             Began as a Deep Elf Hunter on June 23, 2023.
             Killed by nerve-wracking pain
             ... invoked by a shadow imp
              (8 damage)
             ... on level 5 of the Dungeon.
             The game lasted 00:01:24 (3301 turns).

qw the Skirmisher (Deep Elf Hunter)                 Turns: 3301, Time: 00:01:24

Health: -6/36      AC:  6    Str: 10    XL:     6   Next: 99%
Magic:  0/8        EV: 11    Int: 14    God:
Gold:   244        SH:  0    Dex: 18    Spells: 5/5 levels left

rFire   . . .        Y - +0 shortbow
rCold   . . .        (shield currently unavailable)
rNeg    . . .        n - +0 ring mail
rPois   .            (no helmet)
rElec   .            (no cloak)
rCorr   .            (no gloves)
SInv    .            b - +0 pair of boots
Will    .....        o - amulet of guardian spirit
Stlth   +            (no ring)
HPRegen 0.26/turn    (no ring)
MPRegen 0.11/turn

%: guardian spirit
@: no status effects
A: no striking features
a: no special abilities


You were on level 5 of the Dungeon.
You visited 1 branch of the dungeon, and saw 5 of its levels.

You collected 244 gold pieces.


   Skills:
 - Level 2.6 Fighting
 - Level 10.0 Ranged Weapons
 + Level 0.0 Armour
 - Level 3.6 Dodging
 - Level 1.2 Stealth


You had 5 spell levels left.
You didn't know any spells.
Your spell library was empty.

Inventory:

Hand Weapons
 Y - a +0 shortbow (weapon)
Armour
 b - a +0 pair of boots (worn)
 n - a +0 ring mail (worn)
Jewellery
 o - an amulet of guardian spirit (around neck)
Scrolls
 i - a scroll of immolation {unknown}
Potions
 a - a potion of attraction {unknown}
 c - a potion of ambrosia {unknown}
 d - a potion of curing
 e - a potion of resistance {unknown}
 f - a potion of might
 g - a potion of lignification {unknown}
 h - a potion of invisibility {unknown}
 k - a potion of berserk rage {unknown}
 l - a potion of enlightenment {unknown}

Dungeon Overview and Level Annotations

Branches:
Dungeon (5/15)
 Temple: D:4-7

Altars:
Fedhas
Makhleb
Qazlal

Shops:
D:3 [   D:5 *

Annotations:
D:5 Grinder


Message History

The scorpion stings you but does no damage.
You shoot an arrow. The arrow hits the scorpion!
You kill the scorpion!
Grinder barely misses you.
Your Dodging skill increases to level 3!
You shoot an arrow.
The arrow hits Grinder but does no damage.
Grinder is heavily wounded.
Grinder hits you!
You shoot an arrow. The arrow hits Grinder.
Grinder is heavily wounded.
Grinder completely misses you. The shadow imp hits you.
You shoot an arrow. The arrow hits Grinder.
Grinder is heavily wounded.
Grinder gestures at you. Pain shoots through your body!
The shadow imp barely misses you. Grinder hits you.
You writhe in agony.
The shadow imp hits you but does no damage.
You shoot an arrow.
The arrow hits Grinder but does no damage.
Grinder is heavily wounded.
The shadow imp misses you. Grinder gestures at you.
Pain shoots through your body!
You shoot an arrow.
The arrow hits Grinder but does no damage.
Grinder is heavily wounded.
The shadow imp gestures at you. Pain shoots through your body!
Grinder completely misses you.
You shoot an arrow. The arrow hits Grinder!
Grinder is severely wounded.
The shadow imp barely misses you. Grinder gestures at you.
You struggle to resist.
You shoot an arrow.
The arrow hits Grinder but does no damage.
Grinder is severely wounded.
The shadow imp gestures at you. Pain shoots through your body!
You die...

........#.#....\...#
####.##.#.#.##...#.#
....##.#....##.##.#
# #..#.#######....#
######...# #.....
.........# #.....
########.## +.....
.##.........#
.##.....
.....$%@....#
........
......55....#
######..
......%......#
.......
...........#..#
###...(
...........##...
##.#.# ....###....#
#..###..#.# ....
#....# ..........
... #....# ..####.
..####.


You could see Grinder and a shadow imp.

Vanquished Creatures
  2 ice beasts
  An ogre (D:5)
  A scorpion (D:5)
  A gnoll (D:1)
  6 adders
  A shadow imp (D:4)
  An ufetubus (D:4)
  2 worms
  A dart slug (D:4)
  5 orcs (D:3)
  12 ball pythons
  3 bats
  7 endoplasms
  5 giant cockroaches
  5 goblins
  8 hobgoblins
  8 jackals (D:3)
  A quokka (D:5)
  6 frilled lizards
  7 kobolds
  10 rats
93 creatures vanquished.

Notes
Turn   | Place    | Note
-------+----------+-------------------------------------------
     0 | D:1      | qw the Deep Elf Hunter began the quest for the Orb.
     0 | D:1      | Reached XP level 1. HP: 12/12 MP: 3/3
     0 | D:1      | 0 ||| qw: Version: 0.3-a-9-g12657ce
     0 | D:1      | 0 ||| qw: Game counter: 4270
     0 | D:1      | 0 ||| qw: Always use a shield: true
     0 | D:1      | 0 ||| qw: God list: Okawaru
     0 | D:1      | 0 ||| qw: Allow faded altars: false
     0 | D:1      | 0 ||| qw: Do Orc after D:15 true
     0 | D:1      | 0 ||| qw: Do second Lair branch before Depths: true
     0 | D:1      | 0 ||| qw: Lair rune preference: random
     0 | D:1      | 0 ||| qw: Plans: Normal
     0 | D:1      | 0 ||| PLANNING D:1-11
   122 | D:1      | 122 ||| FLEEEEING.
   123 | D:1      | 123 ||| FLEEEEING.
   216 | D:1      | Reached XP level 2. HP: 16/16 MP: 4/4
   219 | D:1      | Reached skill level 6 in Ranged Weapons
   331 | D:1      | Reached XP level 3. HP: 20/20 MP: 5/5
   837 | D:1      | 837 ||| UPGRADING to +0 scale mail.
   847 | D:1      | 847 ||| DROPPING +0 leather armour.
   848 | D:1      | 848 ||| DRINKING 2 fuming pink potions.
   849 | D:1      | 849 ||| DROPPING scroll of butterflies.
   965 | D:2      | Reached skill level 7 in Ranged Weapons
  1007 | D:2      | HP: 5/20 [poisoned by an adder]
  1291 | D:2      | Found a burning altar of Makhleb.
  1636 | D:2      | 1636 ||| UPGRADING to +0 pair of boots.
  1641 | D:2      | 1641 ||| READING scroll labelled KOYC EROFEDDE.
  1642 | D:2      | 1642 ||| DRINKING 2 fizzy pink potions.
  1643 | D:2      | 1643 ||| DRINKING 2 purple potions.
  1644 | D:2      | 1644 ||| DROPPING potion of magic.
  1689 | D:3      | Reached XP level 4. HP: 25/25 MP: 6/6
  1826 | D:3      | Found a faded altar of an unknown god.
  1971 | D:3      | Found Irymeq's Antique Armour Shoppe.
  1980 | D:3      | 1980 ||| SHOPLISTING pair of encrusted boots (209 gold,
                  | have 130).
  1980 | D:3      | 1980 ||| SHOPLISTING runed helmet (165 gold, have 130).
  1980 | D:3      | 1980 ||| SHOPLISTING shiny ring mail (154 gold, have 130).
  1980 | D:3      | 1980 ||| SHOPLISTING translucent helmet (209 gold, have
                  | 130).
  2008 | D:3      | Reached skill level 8 in Ranged Weapons
  2009 | D:3      | 2009 ||| FLEEEEING.
  2010 | D:3      | 2010 ||| FLEEEEING.
  2011 | D:3      | 2011 ||| FLEEEEING.
  2012 | D:3      | 2012 ||| FLEEEEING.
  2013 | D:3      | 2013 ||| FLEEEEING.
  2016 | D:3      | 2016 ||| FLEEEEING.
  2017 | D:3      | 2017 ||| FLEEEEING.
  2018 | D:3      | 2018 ||| FLEEEEING.
  2320 | D:3      | 2320 ||| UPGRADING to +0 ring mail.
  2330 | D:3      | 2330 ||| DROPPING +0 scale mail.
  2331 | D:3      | 2331 ||| UPGRADING to amulet of guardian spirit.
  2336 | D:3      | 2336 ||| READING scroll labelled AHIEDU ISID.
  2337 | D:3      | 2337 ||| READING scroll labelled QEBEER ZAUHE.
  2463 | D:4      | 2463 ||| STAIRDANCE
  2630 | D:4      | Reached XP level 5. HP: 29/29 MP: 7/7
  2771 | D:4      | Found a blossoming altar of Fedhas.
  2772 | D:4      | Found a stormy altar of Qazlal.
  2918 | D:4      | 2918 ||| READING scroll labelled QOSOVOIRUB.
  2923 | D:4      | 2923 ||| READING scroll labelled HOG JATEO.
  2968 | D:4      | 2968 ||| DRINKING 2 fuming orange potions.
  2979 | D:5      | Entered Level 5 of the Dungeon
  2979 | D:5      | Noticed an ice beast
  2986 | D:5      | 2986 ||| STAIRDANCE
  2989 | D:4      | HP: 5/29 [ice beast (6)]
  2990 | D:4      | 2990 ||| DRINKING potion of heal wounds.
  2995 | D:4      | Killed an ice beast
  2996 | D:4      | Reached skill level 9 in Ranged Weapons
  3079 | D:5      | Noticed an ogre
  3085 | D:5      | Killed an ogre
  3086 | D:5      | Reached XP level 6. HP: 36/36 MP: 8/8
  3107 | D:5      | Found Jeunymmu's Gadget Gallery.
  3125 | D:5      | Noticed an ice beast
  3145 | D:5      | Killed an ice beast
  3146 | D:5      | Reached skill level 10 in Ranged Weapons
  3152 | D:5      | HP: 9/36 [poisoned by an adder]
  3281 | D:5      | Noticed Grinder
  3295 | D:5      | Reached skill level 3 in Dodging
  3298 | D:5      | HP: 9/36 [Grinder/nerve-wracking pain (2)]
  3299 | D:5      | HP: 1/36 [shadow imp/nerve-wracking pain (8)]
  3301 | D:5      | Killed from afar by a shadow imp

Levels and vault maps discovered:
D:1:      sevenhm_arrival_forest_fort_large_4, layout_basic
D:2:      layout_loops_ring, basic_altar, nicolae_kite_square_tiling_tiny,
          chequers_jeans
D:3:      layout_basic, serial_shops, shop_fountains,
          hellmonk_ecumenical_altar_arch_garden, minmay_misc_feat_alley
D:4:      layout_gridville, grunt_temple_overflow_forces_of_nature
D:5:      layout_basic, grunt_temple_overflow_order_and_chaos_2,
          nicolae_overflow_hallway_of_the_gods, nicolae_shop_gadgets,
          uniq_grinder, uniq_sigmund

Skill      XL: |  1  2  3  4  5  6 |
---------------+-------------------+-----
Ranged Weapons | 6 7 8 9 10 | 10.0
Fighting       | 2 |  2.6
Dodging        | 3 |  3.6
Stealth        | |  1.2

Action                     |  1- 3 |  4- 6 || total
---------------------------+-------+-------++-------
   Fire: Shortbow          |   115 |   202 ||   317
    Use: Potion            |     3 |     2 ||     5
         Scroll            |     1 |     4 ||     5
 Armour: Leather armour    |     3 |       ||     3
         Scale mail        |    12 |    15 ||    27
         Ring mail         |       |    27 ||    27
  Dodge: Dodged            |    11 |    58 ||    69

Table legend:
 A = Non-vault XP
 B = Vault XP
 C = Vault XP percentage of total XP
 D = Non-vault monster count
 E = Vault monster count
 F = Vault count percentage of total count
                 A         B        C        D         E       F
            +---------+---------+-------+---------+---------+-------
      Total |     732 |       0 |   0.0 |      93 |       0 |   0.0
            +---------+---------+-------+---------+---------+-------
        D:1 |      54 |       0 |   0.0 |      29 |       0 |   0.0
        D:2 |      42 |       0 |   0.0 |      11 |       0 |   0.0
        D:3 |      74 |       0 |   0.0 |      30 |       0 |   0.0
        D:4 |     181 |       0 |   0.0 |      15 |       0 |   0.0
        D:5 |     381 |       0 |   0.0 |       8 |       0 |   0.0
            +---------+---------+-------+---------+---------+-------
